 Dungeon Sprint DCSS version 0.28-a0-691-gad6df49e81 (webtiles) character file.

Game seed: 17301804524302928350

43772 mhtbhm the Impregnable (level 13, -4/138 HPs)
             Began as a Minotaur Fighter on Oct 23, 2021.
             Was the Champion of Okawaru.
             Slain by a vampire knight (8 damage)
             ... while paralysed by a vampire knight
             ... in the Dungeon (Sprint IX: "|||||||||||||||||||||||||||||").
             The game lasted 00:13:59 (7454 turns).

mhtbhm the Impregnable (Minotaur Fighter)           Turns: 7454, Time: 00:14:00

Health: -4/138     AC: 29    Str: 31    XL:     13   Next: 92%
Magic:  18/23      EV:  2    Int:  5    God:    Okawaru [******]
Gold:   747        SH:  0    Dex: 11    Spells: 12/12 levels left

rFire   . . .      SeeInvis .   a - +5 short sword of Okawaru's Respect {vorpal, rN+}
rCold   . . .      Faith    .   c - +1 tower shield
rNeg    + . .      Spirit   .   b - +0 storm dragon scales
rPois   +          Reflect  .   (helmet restricted)
rElec   +          Harm     .   t - +0 cloak
rCorr   .          Rampage  +   n - +0 pair of gloves
Will    .....      NoTele   +   o - +1 pair of boots {rampage}
Stlth   ..........              (no amulet)
HPRegen 0.33/turn               x - +6 ring of strength
MPRegen 0.18/turn               B - ring of poison resistance

@: paralysed, heroic, finesse-ful
A: horns 2, retaliatory headbutt
a: Renounce Religion, Heroism, Finesse


You were in the Dungeon.
You worshipped Okawaru.
Okawaru was exalted by your worship.
You visited 1 branch You collected 1952 gold pieces.
You spent 1205 gold pieces at shops.

Inventory:

Hand Weapons
 a - the +5 short sword of Okawaru's Respect (weapon) {vorpal, rN+}
   (Okawaru gifted it to you in the Dungeon)

   It inflicts extra damage upon your enemies.
   rN:        It protects you from negative energy.
 j - the +5 dagger of Supply {flame, Contam Will++ Str+3}
   (Okawaru gifted it to you in the Dungeon)

   It burns those it strikes, dealing additional fire damage.
   Str:       It affects your strength (+3).
   Contam:    It causes magical contamination when unequipped.
   Will:      It greatly increases your willpower.
 r - a +4 morningstar of holy wrath
 A - a +2 short sword of draining
Armour
 b - +0 storm dragon scales (worn)
 c - a +1 tower shield (worn)
 n - a +0 pair of gloves (worn)
 o - a +1 pair of boots of rampaging (worn)
 t - a +0 cloak (worn)
Jewellery
 x - a +6 ring of strength (left hand)
 y - a ring of see invisible
 z - a ring of protection from cold
 B - a ring of poison resistance (right hand)
Wands
 m - a wand of iceblast (5)
 p - a wand of polymorph (3)
Scrolls
 g - 4 scrolls of enchant weapon
 i - 2 scrolls of fear
 k - 3 scrolls of fog
 l - 2 scrolls of amnesia
 s - 3 scrolls of identify
Potions
 d - 4 potions of mutation
 e - a potion of curing
 f - a potion of heal wounds
 h - 4 potions of magic
 q - a potion of brilliance
 v - a potion of might
 w - 2 potions of haste


   Skills:
 + Level 19.5(24.5) Fighting
 + Level 18.2(23.2) Short Blades
 * Level 12.3(17.3) Throwing
 + Level 21.2(26.2) Armour
 + Level 8.6(13.6) Dodging
 - Level 0.7(5.7) Stealth
 + Level 18.6(23.6) Shields
 * Level 15.6 Invocations


You had 12 spell levels left.
You didn't know any spells.
Your spell library contained the following spells:

 Spells                   Type           Power      Damage    Failure   Level
 Freeze                   Ice            0%         1d3       78%         1
 Frozen Ramparts          Ice            0%         1d2       98%         3
 Hailstorm                Conj/Ice       0%         3d3       100%        4


Dungeon Overview and Level Annotations

Branches:
Dungeon (1/1)

Altars:
Cheibriados
Dithmenos
Elyvilon
Fedhas
Gozag
Hepliaklqana
Kikubaaqudgha
Makhleb
Nemelex Xobeh
Okawaru
Qazlal
Ru
Sif Muna
Trog
Uskayaw
Vehumet
Wu Jian
Xom
Yredelemnul
Zin
The Shining One
Beogh
Jiyva
Lugonu

Shops:
D (!*=


Innate Abilities, Weirdness & Mutations

You have a pair of horns on your head.
You reflexively headbutt those who attack you in melee.


Message History

You hit the ice dragon.
You kill the ice dragon!
Okawaru accepts your kill.
You rampage towards the storm dragon!
An ettin comes into view. It is wielding two +0 dire flails.
You closely miss something.
The storm dragon breathes lightning at you.
The bolt of lightning hits something!!
The bolt of lightning hits you! You resist.
* * * LOW HITPOINT WARNING * * *
You hear a shout!
Unknown command.
Unknown command.
You feel much better. Something hits you!!
* * * LOW HITPOINT WARNING * * *
Something bites you but does no damage.
Something unexpectedly blocked you, preventing you from rampaging!
You miss something.
A great orb of eyes comes into view.
Unknown command.
Something unexpectedly blocked you, preventing you from rampaging!
You completely miss something.
The great orb of eyes turns its gaze towards you.
You hear some strange, mumbled words.
You suddenly lose the ability to move!
The deep troll earth mage points next to you and mumbles some strange words.
The wall shatters!
The blast of rock fragments hits you but does no damage.
Something hits you!!
* * * LOW HITPOINT WARNING * * *
Something bites you but does no damage.
The deep troll earth mage points next to you and mumbles some strange words.
The wall shatters!
The blast of rock fragments hits you but does no damage.
The storm dragon breathes lightning at you.
The bolt of lightning hits something!!!
The bolt of lightning hits you! You resist.
* * * LOW HITPOINT WARNING * * *
Something hits you!
You die...

▓.▓.▓.▓.▓.▓.▓.▓.▓†
▓.▓.▓.▓.▓.▓.▓.▓.▓.
▓.▓.▓.▓.▓.▓.▓)▓.▓)
▓.▓.▓.▓.▓.▓.▓)▓.▓.
▓.▓.▓'▓.▓)▓.▓)▓.▓.
▓.▓.▓)▓)▓)▓.▓)▓.▓.
▓)▓.▓)▓.▓)▓.▓)▓.▓.
▓[▓.▓.▓.▓)▓.▓)▓.▓.
▓@▓.▓.▓.▓)▓.▓)▓)▓.
▓{▓.▓[▓.▓)▓(▓)▓.▓.
▓D▓)▓)▓.▓)▓.▓)▓.▓'
▓y▓.▓.▓.▓)▓.▓.▓.▓.
▓C▓.▓.▓.▓.▓.▓.▓.▓.
▓T▓.▓.▓.▓.▓.▓.▓.▓.
▓C▓.▓'▓.▓[▓[▓.▓.▓†
▓G▓.▓.▓.▓[▓.▓.▓.▓.
▓.▓.▓.▓[▓.▓)▓.▓.


You could see a storm dragon (catching breath), a stone giant, a great orb of
eyes, an ettin, a spark wasp and a deep troll earth mage.

Vanquished Creatures
  Rupert (D)
  Agnes (D)
  A fenstrider witch (D)
  A frost giant (D)
  A very ugly thing (D)
  A stone giant (D)
  A bunyip (D)
  An ettin (D)
  A fire dragon (D)
  An ice dragon (D)
  3 great orbs of eyes (D)
  A shambling mangrove (D)
  Josephine (D)
  A boulder beetle (D)
  Erolcha (D)
  A spriggan air mage (D)
  A rakshasa (D)
  An anaconda (D)
  3 hydras (D)
  An alligator snapping turtle (D)
  2 centaur warriors (D)
  A merfolk avatar (D)
  A catoblepas (D)
  3 two-headed ogres (D)
  4 ogre magi (D)
  A vampire mage (D)
  A deep troll shaman (D)
  A shock serpent (D)
  A goliath frog (D)
  A sea snake (D)
  A spriggan druid (D)
  A bog body (D)
  A naga ritualist (D)
  A swamp dragon (D)
  An orc knight (D)
  An orb spider (D)
  An ugly thing (D)
  2 mana vipers (D)
  A wolf spider (D)
  A cyclops (D)
  5 manticores (D)
  2 moths of wrath (D)
  2 black mambas (D)
  A merfolk siren (D)
  Maurice (D)
  2 cane toads (D)
  2 naga magi (D)
  A komodo dragon (D)
  Psyche (D)
  A rime drake (D)
  3 demonic crawlers (D)
  A troll (D)
  A polar bear (D)
  A hornet (D)
  A meliai (shapeshifter) (D)
  A wind drake (D)
  A slime creature (D)
  2 redbacks (D)
  2 yaks (D)
  2 wyverns (D)
  Eustachio (D)
  4 wraiths (D)
  2 vampire mosquitoes (D)
  A naga (D)
  4 water moccasins (D)
  10 orc warriors (D)
  9 black bears (D)
  7 ogres (D)
  A centaur (D)
  A wolf (D)
  A bullfrog (D)
  A scorpion (D)
  A gnoll sergeant (D)
  An orc priest (D)
  4 orc wizards (D)
  2 adders (D)
  A dart slug (D)
  12 orcs (D)
  A ball python (D)
  A ball python zombie (D)
  A bat (D)
  A frilled lizard (D)
  A rat (D)
152 creatures vanquished.

Vanquished Creatures (others)
  A hydra (D)
  A yaktaur (shapeshifter) (D)
  A bloated husk (D)
3 creatures vanquished.

Grand Total: 155 creatures vanquished

Notes
Turn   | Place    | Note
-------+----------+-------------------------------------------
     0 | D        | mhtbhm the Minotaur Fighter began the quest for the Orb.
     0 | D        | Reached XP level 1. HP: 19/19 MP: 0/0
    16 | D        | Reached skill level 4 in Armour
    50 | D        | Noticed a black bear
    50 | D        | Noticed a scorpion
    55 | D        | Killed a black bear
    56 | D        | Reached skill level 6 in Armour
    56 | D        | Reached XP level 2. HP: 29/34 MP: 1/1
    56 | D        | Reached XP level 3. HP: 33/39 MP: 2/2
    56 | D        | Reached XP level 4. HP: 40/47 MP: 3/3
    61 | D        | Reached skill level 7 in Armour
    65 | D        | Killed a scorpion
    66 | D        | Reached skill level 8 in Armour
    66 | D        | Reached skill level 1 in Dodging
    66 | D        | Reached XP level 5. HP: 41/55 MP: 4/4
   245 | D        | Found a snail-covered altar of Cheibriados.
   245 | D        | Found a shadowy altar of Dithmenos.
   245 | D        | Found a white marble altar of Elyvilon.
   245 | D        | Found a blossoming altar of Fedhas.
   245 | D        | Found an opulent altar of Gozag.
   246 | D        | Found a hazy altar of Hepliaklqana.
   247 | D        | Found a viscous altar of Jiyva.
   248 | D        | Found an ancient bone altar of Kikubaaqudgha.
   249 | D        | Found a corrupted altar of Lugonu.
   250 | D        | Found a burning altar of Makhleb.
   251 | D        | Found a sparkling altar of Nemelex Xobeh.
   252 | D        | Found an iron altar of Okawaru.
   253 | D        | Found a stormy altar of Qazlal.
   254 | D        | Found a sacrificial altar of Ru.
   255 | D        | Found a shimmering blue altar of Sif Muna.
   256 | D        | Found a bloodstained altar of Trog.
   257 | D        | Found a hide-covered altar of Uskayaw.
   258 | D        | Found a radiant altar of Vehumet.
   259 | D        | Found an ornate altar of the Wu Jian Council.
   260 | D        | Found a shimmering altar of Xom.
   262 | D        | Became a worshipper of Warmaster Okawaru
   264 | D        | Found a basalt altar of Yredelemnul.
   265 | D        | Found a glowing silver altar of Zin.
   266 | D        | Found a glowing golden altar of the Shining One.
   329 | D        | Noticed an orc warrior
   329 | D        | Noticed a yak
   329 | D        | Noticed a centaur
   329 | D        | Noticed a troll
   336 | D        | Killed an orc warrior
   337 | D        | Reached skill level 5 in Short Blades
   337 | D        | Reached skill level 9 in Armour
   337 | D        | Reached XP level 6. HP: 55/63 MP: 5/5
   467 | D        | Killed a yak
   467 | D        | Reached * piety under Okawaru
   468 | D        | Reached skill level 10 in Fighting
   468 | D        | Reached skill level 10 in Armour
   481 | D        | Reached XP level 7. HP: 52/73 MP: 6/6
   491 | D        | Killed a troll
   492 | D        | Reached skill level 11 in Armour
   769 | D        | Noticed a manticore
   769 | D        | Noticed a rime drake
   769 | D        | Noticed a purple ugly thing
   769 | D        | Noticed a seven-headed hydra
   769 | D        | Noticed a centaur warrior
   808 | D        | Noticed a spriggan
   815 | D        | Killed a manticore
   815 | D        | Reached ** piety under Okawaru
   816 | D        | Reached skill level 12 in Armour
   816 | D        | Reached skill level 10 in Shields
   816 | D        | Reached XP level 8. HP: 35/82 MP: 6/8
   891 | D        | Killed a purple ugly thing
   891 | D        | Reached *** piety under Okawaru
   892 | D        | Reached skill level 13 in Armour
   894 | D        | Noticed a yaktaur
   895 | D        | Killed a yaktaur
   898 | D        | Killed a seven-headed hydra
   903 | D        | Killed a centaur warrior
   904 | D        | Reached skill level 10 in Short Blades
   904 | D        | Reached skill level 14 in Armour
   904 | D        | Reached skill level 5 in Invocations
   904 | D        | Reached XP level 9. HP: 20/91 MP: 9/12
  1334 | D        | Noticed a cane toad
  1334 | D        | Noticed a black mamba
  1334 | D        | Noticed a six-headed hydra
  1337 | D        | Noticed a cane toad
  1345 | D        | Noticed a komodo dragon
  1351 | D        | Killed a cane toad
  1351 | D        | Reached **** piety under Okawaru
  1354 | D        | Noticed a boulder beetle
  1539 | D        | Killed a six-headed hydra
  1540 | D        | Reached skill level 15 in Armour
  1557 | D        | Killed a black mamba
  1570 | D        | Reached ***** piety under Okawaru
  1571 | D        | Reached XP level 10. HP: 90/101 MP: 14/14
  1584 | D        | Killed a cane toad
  1600 | D        | Reached skill level 16 in Armour
  2171 | D        | Killed a boulder beetle
  2171 | D        | Received a gift from Okawaru
  2172 | D        | Reached skill level 5 in Dodging
  2263 | D        | Noticed a catoblepas
  2423 | D        | Killed a catoblepas
  2637 | D        | Identified the +5 short sword of Okawaru's Respect {vorpal,
                  | rN+} (Okawaru gifted it to you in the Dungeon)
  2637 | D        | Received a gift from Okawaru
  2644 | D        | Reached skill level 17 in Armour
  2722 | D        | Noticed Josephine
  2729 | D        | Reached XP level 11. HP: 101/111 MP: 17/17
  2733 | D        | Killed Josephine
  2734 | D        | Reached skill level 15 in Fighting
  2739 | D        | Reached skill level 10 in Invocations
  2935 | D        | Noticed an orc knight
  2952 | D        | Killed an orc knight
  2953 | D        | Reached skill level 1 in Throwing
  3361 | D        | Reached skill level 15 in Short Blades
  3376 | D        | Found Gaureff's Antique Weapon Emporium.
  3376 | D        | Noticed an ogre mage
  3380 | D        | Noticed a two-headed ogre
  3386 | D        | Killed an ogre mage
  3386 | D        | Reached ****** piety under Okawaru
  3387 | D        | Found Xukuereo's Distillery.
  3390 | D        | Killed a two-headed ogre
  3460 | D        | Received a gift from Okawaru
  3651 | D        | Noticed a two-headed ogre
  3661 | D        | Killed a two-headed ogre
  3741 | D        | Found Retry's General Store.
  3745 | D        | Found Suxtar's Jewellery Shoppe.
  3747 | D        | Noticed an ogre mage
  3748 | D        | Noticed an ogre mage
  3750 | D        | Noticed a two-headed ogre
  3754 | D        | Killed an ogre mage
  3755 | D        | Reached skill level 18 in Armour
  3761 | D        | Killed an ogre mage
  3768 | D        | Killed a two-headed ogre
  3873 | D        | Bought a potion of might for 40 gold pieces
  3873 | D        | Bought a potion of haste for 100 gold pieces
  3873 | D        | Bought a potion of curing for 30 gold pieces
  3873 | D        | Bought 2 potions of mutation for 160 gold pieces
  3875 | D        | Bought a scroll of identify for 28 gold pieces
  3875 | D        | Bought a scroll of identify for 28 gold pieces
  3877 | D        | Bought a +6 ring of strength for 819 gold pieces
  3921 | D        | Noticed Erolcha
  3941 | D        | Killed Erolcha
  3942 | D        | Reached skill level 5 in Throwing
  4197 | D        | Noticed Maurice
  4220 | D        | Killed Maurice
  4348 | D        | Noticed an ogre mage
  4348 | D        | Noticed a centaur warrior
  4348 | D        | Noticed an eight-headed hydra
  4357 | D        | Killed an ogre mage
  4357 | D        | Received a gift from Okawaru
  4358 | D        | Reached XP level 12. HP: 124/124 MP: 19/19
  4361 | D        | Killed an eight-headed hydra
  4362 | D        | Noticed a great orb of eyes
  4365 | D        | Killed a centaur warrior
  4366 | D        | Noticed a spriggan air mage
  4368 | D        | Noticed a white very ugly thing
  4370 | D        | Noticed a rakshasa
  4372 | D        | Killed a great orb of eyes
  4374 | D        | Noticed a great orb of eyes
  4381 | D        | Noticed a stone giant
  4387 | D        | Killed a spriggan air mage
  4388 | D        | Noticed a deep troll shaman
  4403 | D        | Killed a rakshasa
  4404 | D        | Reached skill level 19 in Armour
  4518 | D        | Killed a great orb of eyes
  4518 | D        | Received a gift from Okawaru
  4582 | D        | Killed a stone giant
  5118 | D        | Killed a white very ugly thing
  5537 | D        | Killed a deep troll shaman
  5666 | D        | Noticed Rupert
  5678 | D        | Paralysed by Rupert for 4 turns
  5693 | D        | Killed Rupert
  5766 | D        | Noticed Agnes
  5779 | D        | Killed Agnes
  6004 | D        | Noticed an anaconda
  6011 | D        | Killed an anaconda
  6012 | D        | Reached skill level 15 in Shields
  6018 | D        | Reached skill level 20 in Armour
  6018 | D        | Reached XP level 13. HP: 120/135 MP: 22/22
  6039 | D        | Received a gift from Okawaru
  6130 | D        | Reached skill level 10 in Throwing
  6676 | D        | Noticed a fenstrider witch
  6677 | D        | Paralysed by a fenstrider witch for 4 turns
  6684 | D        | Killed a fenstrider witch
  6723 | D        | Reached skill level 15 in Invocations
  6801 | D        | Reached skill level 21 in Armour
  7113 | D        | Noticed a bunyip
  7125 | D        | Killed a bunyip
  7125 | D        | Identified the +5 dagger of Supply {flame, Contam Will++
                  | Str+3} (Okawaru gifted it to you in the Dungeon)
  7125 | D        | Received a gift from Okawaru
  7275 | D        | Noticed Eustachio
  7284 | D        | Killed Eustachio
  7293 | D        | Noticed Psyche
  7301 | D        | Killed Psyche
  7412 | D        | Noticed a frost giant
  7412 | D        | Noticed a fire dragon
  7412 | D        | Noticed an ettin
  7415 | D        | Noticed a vampire knight
  7416 | D        | Killed an ettin
  7416 | D        | Noticed a storm dragon
  7421 | D        | Noticed a spark wasp
  7430 | D        | Killed a frost giant
  7431 | D        | Noticed a stone giant
  7440 | D        | Killed a fire dragon
  7449 | D        | Noticed an ettin
  7452 | D        | Paralysed by something for 4 turns
  7454 | D        | HP: 4/138 [storm dragon/bolt of lightning (12)]
  7454 | D        | Slain by a vampire knight

Illustrated notes

Levels and vault maps discovered:
D:        linesprint [early_d, line_temple, items_1, d_10, items_2, lair_1,
          lair_end, items_3, orc_1, orc_end, items_4, d_15, swamp_1, shoals_1,
          snake_1, spider_1, d_20, vaults_1, items_5, swamp_end, shoals_end,
          snake_end, spider_end, vaults_end, d_27, items_6, zot_1, zot_end,
          crypt_end, forest_end, elf_end, slime_end, tomb_end, abyss_end,
          pan_hell_end]

Skill      XL: |  1  2  3  4  5  6  7  8  9 10 11 12 13 |
---------------+----------------------------------------+-----
Fighting       | 7 8 9 10 11 12 13 14 16 18 19 | 19.5
Armour         | 6 8 9 10 12 14 15 17 18 20 21 | 21.2
Shields        | 6 7 8 9 10 11 12 13 15 18 | 18.6
Short Blades   | 3 4 5 7 8 10 12 14 16 17 18 | 18.2
Dodging        | 1 2 3 4 5 6 7 8 |  8.6
Invocations    | 2 5 7 9 11 13 15 | 15.6
Throwing       | 5 9 12 | 12.3
Stealth        | |  0.7

Action                   |  1- 3 |  4- 6 |  7- 9 | 10-12 | 13-15 || total
-------------------------+-------+-------+-------+-------+-------++-------
Melee: Rapier            |    16 |    37 |    76 |   159 |       ||   288
       Headbutt          |     6 |     7 |    14 |   133 |    48 ||   208
       Short sword       |       |       |       |   272 |   159 ||   431
Throw: Javelin           |       |       |       |    17 |    18 ||    35
Invok: Heroism           |       |       |       |     4 |     2 ||     6
       Finesse           |       |       |       |     1 |     2 ||     3
Evoke: Wand              |       |       |     8 |     2 |       ||    10
  Use: Potion            |       |     2 |     8 |     4 |     4 ||    18
       Scroll            |       |       |     2 |     3 |     1 ||     6
 Stab: Invisible         |       |       |     2 |       |       ||     2
Armor: Scale mail        |    13 |       |       |       |       ||    13
       Chain mail        |       |     8 |    40 |    68 |       ||   116
       Storm dragon scal |       |       |       |    28 |    41 ||    69
Dodge: Dodged            |     2 |    23 |    28 |    79 |    28 ||   160
Block: Buckler           |     1 |     6 |    25 |    48 |       ||    80
       Tower shield      |       |       |       |    60 |    76 ||   136

Table legend: (Time is in decaauts)
 A = Elapsed time spent in this place.
 B = Non-inter-level travel time spent in this place.
 C = Inter-level travel time spent in this place.
 D = Time resting spent in this place.
 E = Time spent auto-exploring this place.
 F = Levels seen in this place.
 G = Mean time per level.
                   A        B        C        D        E       F      G
               +--------+--------+--------+--------+--------+-----+--------+
         Total |   7201 |   7201 |      0 |   3519 |   2042 |   1 | 7201.0 |
       Dungeon |   7201 |   7201 |      0 |   3519 |   2042 |   1 | 7201.0 |
               +--------+--------+--------+--------+--------+-----+--------+

Top non-repeatable levels by time:
       D: 7201 daAuts
